 Dungeon Crawl Stone Soup version 0.19-a0-1218-gcd7aee6 (webtiles) character file.

7 MrRokkomies the Caller (level 1, 0/7 HPs)
             Began as a Felid Summoner on Aug 24, 2016.
             Slain by a hobgoblin (5 damage)
             ... on level 1 of the Dungeon.
             The game lasted 00:00:47 (144 turns).

MrRokkomies the Caller (Felid Summoner)              Turns: 144, Time: 00:00:48

Health: 0/7        AC:  1    Str:  4    XL:     1   Next: 83%
Magic:  1/4        EV: 18    Int: 16    God:
Gold:   0          SH:  0    Dex: 16    Spells: 1 memorised, 3 levels left
                                        Lives:  0   Deaths: 0

rFire  . . .     SeeInvis +     (weapon unavailable)
rCold  . . .     Gourm    .     (armour unavailable)
rNeg   . . .     Faith    .     (shield unavailable)
rPois  .         Spirit   .     (helmet unavailable)
rElec  .         Dismiss  .     (cloak unavailable)
rCorr  .         Reflect  .     (gloves unavailable)
MR     .....     Harm     .     (boots unavailable)
Stlth  +++.......               (no amulet)
                                (no ring)
                                (no ring)

@: quick
A: no armour, no weapons or thrown items, claws 1, fangs 3, see invisible,
carnivore 3, speed 1, shaggy fur 1, slow metabolism 1, sharp paws
a: no special abilities


You were on level 1 of the Dungeon.
You were not hungry.

You visited 1 branch of the dungeon, and saw 1 of its levels.

Inventory:

Potions
 c - a potion of heal wounds {unknown}
 d - a potion of curing {unknown}
Books
 a - a book of Callings

   Spells                             Type                      Level
   a - Summon Small Mammal            Summoning                    1
   b - Call Imp                       Summoning                    2
   c - Call Canine Familiar           Summoning                    3
   d - Summon Guardian Golem          Hexes/Summoning              3
   e - Summon Lightning Spire         Summoning/Air                4
   f - Summon Ice Beast               Ice/Summoning                4
Comestibles
 b - a meat ration


   Skills:
 - Level 2.6 Dodging
 - Level 2.6 Stealth
 * Level 0.8 Unarmed Combat
 - Level 2.0 Spellcasting
 * Level 4.2 Summonings


You had 3 spell levels left.
You knew the following spells:

 Your Spells              Type           Power        Failure   Level  Hunger
a - Summon Small Mammal   Summ           ###.         4%          1    #......


Dungeon Overview and Level Annotations

Branches:
Dungeon (1/15)

Altars:


Innate Abilities, Weirdness & Mutations

You cannot wear armour.
You are incapable of wielding weapons or throwing items.
You have sharp claws.
You have razor-sharp teeth.
You have supernaturally acute eyesight. (SInv)
You are carnivorous and can eat meat at any time.
You cover ground quickly.
You are covered in fur. (AC +1)
You have a slow metabolism.
Your sharp claws are effective at attacking unaware monsters.


Message History

The hobgoblin is almost dead.
Your bat hits the hobgoblin but does no damage.
The hobgoblin hits you but does no damage.
You scratch the hobgoblin but do no damage.
You bite the hobgoblin, but do no damage.
The hobgoblin is almost dead.
Your bat hits the hobgoblin but does no damage.
The hobgoblin hits you.
Casting: Summon Small Mammal
Confirm with . or Enter, or press ? or * to list all spells.
Your bat barely misses the hobgoblin.
The hobgoblin barely misses you.
You scratch the hobgoblin but do no damage.
The hobgoblin is almost dead.
Your bat hits the hobgoblin but does no damage.
The hobgoblin closely misses your bat.
You completely miss the hobgoblin.
The hobgoblin is almost dead.
Your bat closely misses the hobgoblin.
The hobgoblin hits you.
Ouch! That really hurt!
You die...

########## #...
#........# ##... .
########........#
.... ..
.......'........#
...#...
########........#
....... ....
#........# .......
###
#.......b####...#.?.
..##.
#........rghh.......
#....
#........@##.#$$..#.
.....
#.......†.#..b......
####.
#....###+#.#..##.##..
#### #..... #.#..# ..
. ..... +.... ....>#
## ####. #.... ......
#.. ....## ......


You could see 2 jackals, a hobgoblin, a friendly quokka and a friendly bat.

Vanquished Creatures
  A jackal (D:1)
  A kobold (D:1)
  2 rats (D:1)
4 creatures vanquished.

Vanquished Creatures (collateral kills)
  2 goblins (D:1)
2 creatures vanquished.

Grand Total: 6 creatures vanquished

Notes
Turn   | Place    | Note
-------+----------+-------------------------------------------
     0 | D:1      | MrRokkomies the Felid Summoner began the quest for the Orb.
     0 | D:1      | Reached XP level 1. HP: 7/7 MP: 4/4
   144 | D:1      | Slain by a hobgoblin

Vault maps used:
D:1:      matt_arrival_refuge, minmay_misc_feat_plants

Action                   || total
-------------------------++-------
Melee: Unarmed           ||    22
       Bite              ||     3
 Cast: Summon Small Mamm ||     8
 Stab: Sleeping          ||     2
       Distracted        ||     1
Armor: Skin              ||     2
Dodge: Dodged            ||    18
